Sharks vs Flames

Created - October-05-14 at 12:03

Simulating a Pre-Season

Goals
1 2 3 T
Sharks 1 4 1 6
Flames 2 3 0 5
Shots
1 2 3 T
Sharks 11 7 17 35
Flames 10 15 18 43

1st period

1. Sharks , Jannik Hansen 3 (Tyler Bozak, Kyle Quincey) at 2:08
2. Flames , Jack Johnson 1 (Erik Johnson, Mike Cammalleri) at 8:58
3. Flames , Ryan Kesler 3 (Jared Spurgeon, Michael Grabner) at 12:51

Penalties :
Jeff Skinner (CGY) for Checking from behind (Major / Game Misconduct) at 0:47, Matt Niskanen (SJS) for Hooking (Minor) at 1:51

2nd period

4. Sharks , Jordan Leopold 1 (Michael Kostka, Tyler Bozak) at 1:07 (PP)
5. Flames , Anze Kopitar 4 (Mike Cammalleri, Jack Johnson) at 4:46
6. Sharks , Kyle Turris 5 (Kyle Quincey, Matt Beleskey) at 6:49
7. Flames , Erik Johnson 3 (Anze Kopitar, Ryan Kesler) at 8:51 (PP)
8. Sharks , Matt Beleskey 1 (Kyle Turris, Michael Kostka) at 12:55
9. Flames , Erik Johnson 4 (Tomas Kopecky, Ryan Kesler) at 16:03 (PP)
10. Sharks , Andrew Shaw 1 (Vyacheslav Voynov, Matt Niskanen) at 16:48

Penalties :
Brett Bulmer (CGY) for Interference (Minor) at 0:38, Brett Bulmer (CGY) for Hooking (Minor) at 1:12, Vyacheslav Voynov (SJS) for Tripping (Minor) at 7:54, Matt Beleskey (SJS) for Holding (Minor) at 13:38, Justin Falk (SJS) for Slashing (Minor) at 15:53

3rd period

11. Sharks , Matt Niskanen 1 (Vyacheslav Voynov, Andrew Shaw) at 12:37 (PP)

Penalties :
Michael Kostka (SJS) for Slashing (Minor) at 3:35, Bryce Salvador (CGY) for Boarding (Minor) at 11:30

Goalie Stats

Jonas Hiller (SJS), 38 saves from 43 shots - (0.884), W, 3-5-0, 60:00 minutes
Jonathan Quick (CGY), 29 saves from 35 shots - (0.829), L, 4-3-1, 58:46 minutes

Players Stats for Sharks

Player Name              G  A  P  +/- PIM S  H  SB GA TA FO     MP     PP MP  PK MP  
------------------------------------------------------------------------------------
Andrew Shaw              1  1  2   0  0   5  6  0  0  0  5/12   21:07   2:55   0:36 
Chris Butler             0  0  0  -1  0   0  0  0  0  0  0/0     3:40   0:00   0:00 
Cory Sarich              0  0  0   1  0   0  0  0  0  0  0/0    11:26   0:00   0:00 
Drew Stafford            0  0  0   0  0   4  1  0  0  0  0/0    17:58   2:55   0:00 
Jannik Hansen            1  0  1   1  0   1  2  1  0  0  2/10   21:35   2:55   3:46 
Jordan Leopold           1  0  1   1  0   3  0  1  0  0  0/0    20:21   3:49   2:18 
Justin Falk              0  0  0  -1  2   0  0  2  0  0  0/0     4:30   0:00   0:51 
Kyle Quincey             0  2  2   2  0   1  0  4  0  0  0/0    16:12   0:00   2:47 
Kyle Turris              1  1  2   0  0   2  0  1  0  0  13/22  18:42   3:40   0:00 
Martin Havlat            0  0  0   0  0   1  0  0  0  0  0/1    21:16   3:40   0:00 
Matt Beleskey            1  1  2   0  2   1  2  0  0  0  1/1    14:21   0:00   0:00 
Matt Niskanen            1  1  2   0  2   5  1  1  0  0  0/0    23:14   2:45   3:03 
Michael Kostka           0  2  2   0  2   0  0  5  0  0  0/0    18:01   3:49   1:11 
Rich Peverley            0  0  0   0  0   3  0  0  0  0  9/15   15:28   0:00   1:05 
Rob Klinkhammer          0  0  0   0  0   1  1  0  0  0  0/0    16:15   0:00   1:05 
Tyler Bozak              0  2  2   0  0   5  0  0  0  0  12/21  21:53   3:40   3:38 
Viktor Stalberg          0  0  0   1  0   0  1  0  0  0  0/0     4:20   0:00   0:00 
Vyacheslav Voynov        0  2  2   0  2   3  3  1  0  0  0/0    22:32   2:46   0:00 

Players Stats for Flames

Player Name              G  A  P  +/- PIM S  H  SB GA TA FO     MP     PP MP  PK MP  
------------------------------------------------------------------------------------
Andrew MacDonald         0  0  0  -1  0   2  0  4  0  0  0/0    23:20   2:45   3:18 
Anze Kopitar             1  1  2   0  0   5  0  1  0  0  13/30  26:40   2:40   3:28 
Barret Jackman           0  0  0   0  0   0  0  0  0  0  0/0     0:00   0:00   0:00 
Brett Bulmer             0  0  0   0  4   0  3  0  0  0  0/2    18:48   1:44   0:00 
Bryce Salvador           0  0  0  -1  2   1  2  0  0  0  0/0    21:51   2:20   2:15 
Drew Shore               0  0  0   1  0   3  0  0  0  0  6/8    20:12   0:00   3:34 
Dustin Brown             0  0  0   0  0   3  1  0  0  0  5/8    16:48   2:25   0:00 
Erik Johnson             2  1  3   2  0   6  2  0  0  0  0/0    22:02   2:20   3:17 
Jack Johnson             1  1  2   2  0   5  2  4  0  0  0/0    23:30   2:45   4:20 
Jared Spurgeon           0  1  1  -2  0   0  0  0  0  0  0/0    14:38   0:00   0:00 
Jeff Skinner             0  0  0   0  15  0  1  0  0  0  0/0     0:47   0:00   0:00 
Ladislav Smid            0  0  0  -2  0   0  0  1  0  0  0/0    14:38   0:00   0:00 
Linden Vey               0  0  0  -1  0   0  0  0  0  0  0/1     7:12   0:00   0:00 
Michael Grabner          0  1  1  -1  0   2  0  1  0  0  0/1    11:31   0:00   0:00 
Mike Cammalleri          0  2  2   2  0   0  0  1  0  0  0/3    20:40   2:40   3:01 
Ryan Kesler              1  2  3  -3  0   11 6  1  0  0  16/27  28:20   3:21   3:01 
Thomas Hickey            0  0  0   0  0   0  0  0  0  0  0/0     0:00   0:00   0:00 
Tomas Kopecky            0  1  1   0  0   5  0  0  0  0  0/2    20:25   2:25   0:06 

3 Stars

1 - Erik Johnson (CGY)
2 - Jack Johnson (CGY)
3 - Andrew Shaw (SJS)

Power Play

Sharks - 2 on 4 Attempt(s) - 50.00%
Flames - 2 on 5 Attempt(s) - 40.00%

Penalty Kill

Sharks - 3 on 5 Attempt(s) - 60.00% - Score 0 goal in Penalty Kill
Flames - 2 on 4 Attempt(s) - 50.00% - Score 0 goal in Penalty Kill

Official

Referees : Ian Walsh and Graham Skiliter
Linesman : Pierre Champoux and Andy McElman

Game Notes

Jeff Skinner ejected from game at 0:47 of 1st period
Jeff Skinner from Flames is suspended for 1 game(s)

% Time on Ice - Sharks

Lines # - Real PCT - Wanted PCT - Time Play
Normal Forward
1 - 29% - 33% - 13:16
2 - 30% - 30% - 13:35
3 - 32% - 20% - 14:23
4 - 10% - 17% - 4:20
Normal Defense
1 - 38% - 45% - 17:26
2 - 29% - 35% - 13:02
3 - 25% - 20% - 11:26
4 - 8% - 0% - 3:40
PP Forward
1 - 56% - 60% - 3:40
2 - 44% - 40% - 2:55
PP Defense
1 - 42% - 60% - 2:46
2 - 58% - 40% - 3:49
PK Forward
1 - 79% - 60% - 4:00
2 - 21% - 40% - 1:05
PK Defense
1 - 55% - 60% - 2:47
2 - 45% - 40% - 2:18
PK3 Forward
1 - 0% - 60%
2 - 0% - 40%
PK3 Defense
1 - 0% - 60%
2 - 0% - 40%
44 Forward
1 - 66% - 60% - 1:19
2 - 34% - 40% - 0:40
44 Defense
1 - 79% - 60% - 1:34
2 - 21% - 40% - 0:25
Last Minute Offensive  - 0:00
Last Minute Defensive  - 0:47
Total
Forward - 60:00
Defense - 60:00

% Time on Ice - Flames

Lines # - Real PCT - Wanted PCT - Time Play
Normal Forward
1 - 32% - 30% - 14:29
2 - 24% - 30% - 10:48
3 - 30% - 27% - 13:49
4 - 14% - 13% - 6:20
Normal Defense
1 - 25% - 30% - 11:26
2 - 32% - 30% - 14:26
3 - 32% - 20% - 14:38
4 - 11% - 20% - 4:56
PP Forward
1 - 52% - 50% - 2:40
2 - 48% - 50% - 2:25
PP Defense
1 - 54% - 50% - 2:45
2 - 46% - 50% - 2:20
PK Forward
1 - 54% - 50% - 3:34
2 - 46% - 50% - 3:01
PK Defense
1 - 50% - 50% - 3:18
2 - 50% - 50% - 3:17
PK3 Forward
1 - 0% - 60%
2 - 0% - 40%
PK3 Defense
1 - 0% - 50%
2 - 0% - 50%
44 Forward
1 - 61% - 50% - 1:12
2 - 39% - 50% - 0:47
44 Defense
1 - 46% - 50% - 0:55
2 - 54% - 50% - 1:04
Last Minute Offensive  - 0:55
Last Minute Defensive  - 0:00
Total
Forward - 60:00
Defense - 60:00

Play by Play

1st period


0:01 of 1st period - Tyler Bozak wins face-off versus Anze Kopitar in neutral zone.
0:03 of 1st period - Matt Niskanen is hit by Jeff Skinner and loses puck.
0:47 of 1st period - Major / Game Misconduct Penalty to Jeff Skinner for Checking from behind.
0:47 of 1st period - Jeff Skinner is ejected from game.
0:48 of 1st period - Drew Shore wins face-off versus Andrew Shaw in Flames zone.
1:51 of 1st period - Shot by Tomas Kopecky.
1:51 of 1st period - Stopped by Jonas Hiller without a rebound.
1:51 of 1st period - Minor Penalty to Matt Niskanen for Hooking.
1:52 of 1st period - Ryan Kesler wins face-off versus Tyler Bozak in Sharks zone.
2:08 of 1st period - Shot by Tyler Bozak.
2:08 of 1st period - Deflect By Jannik Hansen.
2:08 of 1st period - Goal by Jannik Hansen - Sharks : 1 - Flames : 0.
2:09 of 1st period - Anze Kopitar wins face-off versus Kyle Turris in neutral zone.
2:15 of 1st period - Icing by Kyle Quincey.
2:16 of 1st period - Anze Kopitar wins face-off versus Kyle Turris in Sharks zone.
2:20 of 1st period - Icing by Vyacheslav Voynov.
2:21 of 1st period - Kyle Turris wins face-off versus Anze Kopitar in Sharks zone.
2:26 of 1st period - Shot by Kyle Turris.
2:26 of 1st period - Deflect By Drew Stafford.
2:26 of 1st period - Stopped by Jonathan Quick with a rebound.
2:38 of 1st period - Shot by Anze Kopitar.
2:38 of 1st period - Shot Misses the Net.
2:40 of 1st period - Shot by Ryan Kesler.
2:40 of 1st period - Stopped by Jonas Hiller without a rebound.
2:41 of 1st period - Tyler Bozak wins face-off versus Ryan Kesler in Sharks zone.
2:45 of 1st period - Icing by Vyacheslav Voynov.
2:46 of 1st period - Tyler Bozak wins face-off versus Tomas Kopecky in Sharks zone.
3:10 of 1st period - Icing by Kyle Quincey.
3:11 of 1st period - Tyler Bozak wins face-off versus Anze Kopitar in Sharks zone.
3:16 of 1st period - Jack Johnson is hit by Jannik Hansen and loses puck.
3:23 of 1st period - Shot by Tyler Bozak.
3:23 of 1st period - Stopped by Jonathan Quick without a rebound.
3:24 of 1st period - Anze Kopitar wins face-off versus Kyle Turris in Flames zone.
3:31 of 1st period - Shot by Anze Kopitar.
3:31 of 1st period - Stopped by Jonas Hiller without a rebound.
3:32 of 1st period - Anze Kopitar wins face-off versus Tyler Bozak in Sharks zone.
4:12 of 1st period - Tyler Bozak is hit by Bryce Salvador and loses puck.
4:23 of 1st period - Shot by Jordan Leopold.
4:23 of 1st period - Stopped by Jonathan Quick without a rebound.
4:24 of 1st period - Drew Shore wins face-off versus Andrew Shaw in Flames zone.
4:24 of 1st period - Drew Shore is hit by Andrew Shaw.
4:53 of 1st period - Shot by Vyacheslav Voynov.
4:53 of 1st period - Stopped by Jonathan Quick without a rebound.
4:54 of 1st period - Drew Shore wins face-off versus Tyler Bozak in Flames zone.
5:27 of 1st period - Shot by Jordan Leopold.
5:27 of 1st period - Shot Blocked by Jack Johnson.
5:29 of 1st period - Shot by Kyle Turris.
5:29 of 1st period - Deflect By Tyler Bozak.
5:29 of 1st period - Shot Misses the Net.
5:49 of 1st period - Shot by Rich Peverley.
5:49 of 1st period - Stopped by Jonathan Quick without a rebound.
5:50 of 1st period - Ryan Kesler wins face-off versus Rich Peverley in Flames zone.
5:50 of 1st period - Ryan Kesler is hit by Rob Klinkhammer.
6:22 of 1st period - Shot by Drew Stafford.
6:22 of 1st period - Stopped by Jonathan Quick without a rebound.
6:23 of 1st period - Kyle Turris wins face-off versus Anze Kopitar in Flames zone.
7:01 of 1st period - Kyle Quincey is hit by Brett Bulmer and loses puck.
7:21 of 1st period - Shot by Drew Shore.
7:21 of 1st period - Stopped by Jonas Hiller with a rebound.
7:23 of 1st period - Shot by Drew Shore.
7:23 of 1st period - Stopped by Jonas Hiller with a rebound.
7:39 of 1st period - Shot by Tomas Kopecky.
7:39 of 1st period - Shot Misses the Net.
7:49 of 1st period - Shot by Dustin Brown.
7:49 of 1st period - Shot Hit the Post.
8:54 of 1st period - Shot by Mike Cammalleri.
8:54 of 1st period - Shot Misses the Net.
8:56 of 1st period - Shot by Erik Johnson.
8:56 of 1st period - Stopped by Jonas Hiller with a rebound.
8:58 of 1st period - Shot by Jack Johnson.
8:58 of 1st period - Goal by Jack Johnson - Sharks : 1 - Flames : 1.
8:59 of 1st period - Ryan Kesler wins face-off versus Rich Peverley in neutral zone.
9:34 of 1st period - Mike Cammalleri is hit by Vyacheslav Voynov and loses puck.
10:41 of 1st period - Icing by Bryce Salvador.
10:42 of 1st period - Andrew Shaw wins face-off versus Anze Kopitar in Flames zone.
10:42 of 1st period - Andrew Shaw is hit by Bryce Salvador.
10:44 of 1st period - Shot by Jordan Leopold.
10:44 of 1st period - Stopped by Jonathan Quick without a rebound.
10:45 of 1st period - Tyler Bozak wins face-off versus Anze Kopitar in Flames zone.
11:25 of 1st period - Shot by Anze Kopitar.
11:25 of 1st period - Shot Blocked by Michael Kostka.
12:49 of 1st period - Shot by Ryan Kesler.
12:49 of 1st period - Shot Misses the Net.
12:51 of 1st period - Shot by Ryan Kesler.
12:51 of 1st period - Goal by Ryan Kesler - Sharks : 1 - Flames : 2.
12:52 of 1st period - Rich Peverley wins face-off versus Anze Kopitar in neutral zone.
13:18 of 1st period - Icing by Brett Bulmer.
13:19 of 1st period - Andrew Shaw wins face-off versus Anze Kopitar in Flames zone.
13:28 of 1st period - Shot by Michael Kostka.
13:28 of 1st period - Shot Misses the Net.
13:52 of 1st period - Shot by Drew Shore.
13:52 of 1st period - Deflect By Dustin Brown.
13:52 of 1st period - Stopped by Jonas Hiller without a rebound.
13:53 of 1st period - Dustin Brown wins face-off versus Rich Peverley in Sharks zone.
13:53 of 1st period - Erik Johnson is hit by Vyacheslav Voynov and loses puck.
14:12 of 1st period - Shot by Drew Stafford.
14:12 of 1st period - Shot Misses the Net.
14:16 of 1st period - Shot by Rich Peverley.
14:16 of 1st period - Stopped by Jonathan Quick with a rebound.
14:18 of 1st period - Shot by Drew Stafford.
14:18 of 1st period - Shot Misses the Net.
14:49 of 1st period - Shot by Andrew Shaw.
14:49 of 1st period - Deflect By Tyler Bozak.
14:49 of 1st period - Shot Misses the Net.
14:51 of 1st period - Shot by Andrew Shaw.
14:51 of 1st period - Shot Hit the Post.
14:53 of 1st period - Shot by Tyler Bozak.
14:53 of 1st period - Stopped by Jonathan Quick without a rebound.
14:54 of 1st period - Ryan Kesler wins face-off versus Kyle Turris in Flames zone.
16:09 of 1st period - Shot by Mike Cammalleri.
16:09 of 1st period - Shot Misses the Net.
16:15 of 1st period - Jared Spurgeon is hit by Matt Beleskey and loses puck.
16:42 of 1st period - Tyler Bozak is hit by Erik Johnson and loses puck.
18:12 of 1st period - Shot by Michael Grabner.
18:12 of 1st period - Shot Misses the Net.
18:36 of 1st period - Viktor Stalberg is hit by Brett Bulmer and loses puck.
18:47 of 1st period - Shot by Erik Johnson.
18:47 of 1st period - Stopped by Jonas Hiller without a rebound.
18:48 of 1st period - Drew Shore wins face-off versus Kyle Turris in Sharks zone.
18:59 of 1st period - Bryce Salvador is hit by Matt Beleskey and loses puck.
19:14 of 1st period - Icing by Andrew MacDonald.
19:15 of 1st period - Tyler Bozak wins face-off versus Drew Shore in Flames zone.
19:29 of 1st period - Icing by Michael Kostka.
19:30 of 1st period - Tyler Bozak wins face-off versus Ryan Kesler in Sharks zone.
19:37 of 1st period - Ryan Kesler is hit by Andrew Shaw and loses puck.
19:42 of 1st period - Shot by Tyler Bozak.
19:42 of 1st period - Shot Blocked by Ryan Kesler.
19:45 of 1st period - Tyler Bozak is hit by Jack Johnson and loses puck.
19:50 of 1st period - Shot by Martin Havlat.
19:50 of 1st period - Stopped by Jonathan Quick without a rebound.
19:51 of 1st period - Anze Kopitar wins face-off versus Kyle Turris in Flames zone.
19:51 of 1st period - Anze Kopitar is hit by Jannik Hansen.
Goals for this period are 1 for Sharks vs 2 for Flames.
Shots for this period are 11 for Sharks vs 10 for Flames.

2nd period


0:01 of 2nd period - Andrew Shaw wins face-off versus Ryan Kesler in neutral zone.
0:06 of 2nd period - Icing by Bryce Salvador.
0:07 of 2nd period - Ryan Kesler wins face-off versus Andrew Shaw in Flames zone.
0:38 of 2nd period - Minor Penalty to Brett Bulmer for Interference.
0:39 of 2nd period - Drew Shore wins face-off versus Tyler Bozak in Flames zone.
1:05 of 2nd period - Shot by Jordan Leopold.
1:05 of 2nd period - Shot Misses the Net.
1:07 of 2nd period - Shot by Jordan Leopold.
1:07 of 2nd period - Goal by Jordan Leopold - Sharks : 2 - Flames : 2.
1:08 of 2nd period - Rich Peverley wins face-off versus Ryan Kesler in neutral zone.
1:08 of 2nd period - Matt Niskanen is hit by Ryan Kesler and loses puck.
1:12 of 2nd period - Minor Penalty to Brett Bulmer for Hooking.
1:13 of 2nd period - Ryan Kesler wins face-off versus Andrew Shaw in Flames zone.
2:21 of 2nd period - Shot by Martin Havlat.
2:21 of 2nd period - Shot Blocked by Andrew MacDonald.
2:23 of 2nd period - Shot by Kyle Turris.
2:23 of 2nd period - Shot Misses the Net.
2:25 of 2nd period - Shot by Tyler Bozak.
2:25 of 2nd period - Stopped by Jonathan Quick without a rebound.
2:26 of 2nd period - Ryan Kesler wins face-off versus Tyler Bozak in Flames zone.
3:25 of 2nd period - Shot by Ryan Kesler.
3:25 of 2nd period - Shot Blocked by Kyle Quincey.
3:38 of 2nd period - Shot by Drew Stafford.
3:38 of 2nd period - Shot Blocked by Michael Grabner.
4:46 of 2nd period - Shot by Anze Kopitar.
4:46 of 2nd period - Goal by Anze Kopitar - Sharks : 2 - Flames : 3.
4:47 of 2nd period - Tyler Bozak wins face-off versus Tomas Kopecky in neutral zone.
4:50 of 2nd period - Tomas Kopecky is hit by Andrew Shaw.
4:54 of 2nd period - Shot by Andrew Shaw.
4:54 of 2nd period - Shot Misses the Net.
5:24 of 2nd period - Shot by Andrew MacDonald.
5:24 of 2nd period - Stopped by Jonas Hiller with a rebound.
5:52 of 2nd period - Shot by Michael Grabner.
5:52 of 2nd period - Deflect By Ryan Kesler.
5:52 of 2nd period - Stopped by Jonas Hiller without a rebound.
5:53 of 2nd period - Rich Peverley wins face-off versus Anze Kopitar in Sharks zone.
6:23 of 2nd period - Shot by Rich Peverley.
6:23 of 2nd period - Stopped by Jonathan Quick without a rebound.
6:24 of 2nd period - Kyle Turris wins face-off versus Brett Bulmer in Flames zone.
6:49 of 2nd period - Shot by Kyle Turris.
6:49 of 2nd period - Goal by Kyle Turris - Sharks : 3 - Flames : 3.
6:50 of 2nd period - Tyler Bozak wins face-off versus Anze Kopitar in neutral zone.
7:04 of 2nd period - Shot by Andrew MacDonald.
7:04 of 2nd period - Stopped by Jonas Hiller with a rebound.
7:12 of 2nd period - Shot by Anze Kopitar.
7:12 of 2nd period - Shot Misses the Net.
7:47 of 2nd period - Icing by Drew Shore.
7:48 of 2nd period - Dustin Brown wins face-off versus Kyle Turris in Flames zone.
7:54 of 2nd period - Minor Penalty to Vyacheslav Voynov for Tripping.
7:55 of 2nd period - Jannik Hansen wins face-off versus Ryan Kesler in Sharks zone.
7:55 of 2nd period - Jannik Hansen is hit by Dustin Brown.
8:19 of 2nd period - Shot by Ryan Kesler.
8:19 of 2nd period - Shot Misses the Net.
8:21 of 2nd period - Shot by Andrew MacDonald.
8:21 of 2nd period - Deflect By Ryan Kesler.
8:21 of 2nd period - Stopped by Jonas Hiller with a rebound.
8:23 of 2nd period - Shot by Dustin Brown.
8:23 of 2nd period - Stopped by Jonas Hiller without a rebound.
8:24 of 2nd period - Anze Kopitar wins face-off versus Jannik Hansen in Sharks zone.
8:49 of 2nd period - Shot by Anze Kopitar.
8:49 of 2nd period - Stopped by Jonas Hiller with a rebound.
8:51 of 2nd period - Shot by Erik Johnson.
8:51 of 2nd period - Goal by Erik Johnson - Sharks : 3 - Flames : 4.
8:52 of 2nd period - Rich Peverley wins face-off versus Dustin Brown in neutral zone.
9:30 of 2nd period - Shot by Dustin Brown.
9:30 of 2nd period - Shot Blocked by Michael Kostka.
10:24 of 2nd period - Shot by Ryan Kesler.
10:24 of 2nd period - Stopped by Jonas Hiller with a rebound.
10:30 of 2nd period - Shot by Ryan Kesler.
10:30 of 2nd period - Stopped by Jonas Hiller without a rebound.
10:31 of 2nd period - Kyle Turris wins face-off versus Anze Kopitar in Sharks zone.
10:52 of 2nd period - Shot by Kyle Turris.
10:52 of 2nd period - Stopped by Jonathan Quick without a rebound.
10:53 of 2nd period - Rich Peverley wins face-off versus Linden Vey in Flames zone.
11:47 of 2nd period - Tyler Bozak is hit by Ryan Kesler and loses puck.
12:20 of 2nd period - Shot by Tyler Bozak.
12:20 of 2nd period - Shot Misses the Net.
12:55 of 2nd period - Shot by Matt Beleskey.
12:55 of 2nd period - Goal by Matt Beleskey - Sharks : 4 - Flames : 4.
12:56 of 2nd period - Rich Peverley wins face-off versus Brett Bulmer in neutral zone.
13:38 of 2nd period - Minor Penalty to Matt Beleskey for Holding.
13:39 of 2nd period - Ryan Kesler wins face-off versus Jannik Hansen in Sharks zone.
13:42 of 2nd period - Shot by Ryan Kesler.
13:42 of 2nd period - Stopped by Jonas Hiller without a rebound.
13:43 of 2nd period - Ryan Kesler wins face-off versus Jannik Hansen in Sharks zone.
14:01 of 2nd period - Shot by Dustin Brown.
14:01 of 2nd period - Shot Misses the Net.
14:03 of 2nd period - Shot by Bryce Salvador.
14:03 of 2nd period - Shot Misses the Net.
14:05 of 2nd period - Shot by Erik Johnson.
14:05 of 2nd period - Shot Misses the Net.
14:07 of 2nd period - Shot by Bryce Salvador.
14:07 of 2nd period - Shot Misses the Net.
14:09 of 2nd period - Shot by Ryan Kesler.
14:09 of 2nd period - Shot Misses the Net.
14:26 of 2nd period - Icing by Bryce Salvador.
14:27 of 2nd period - Ryan Kesler wins face-off versus Jannik Hansen in Flames zone.
14:37 of 2nd period - Tyler Bozak is hit by Ryan Kesler and loses puck.
15:53 of 2nd period - Shot by Tomas Kopecky.
15:53 of 2nd period - Stopped by Jonas Hiller without a rebound.
15:53 of 2nd period - Minor Penalty to Justin Falk for Slashing.
15:54 of 2nd period - Ryan Kesler wins face-off versus Jannik Hansen in Sharks zone.
15:55 of 2nd period - Shot by Erik Johnson.
15:55 of 2nd period - Shot Misses the Net.
15:59 of 2nd period - Shot by Tomas Kopecky.
15:59 of 2nd period - Shot Blocked by Kyle Quincey.
16:01 of 2nd period - Shot by Erik Johnson.
16:01 of 2nd period - Shot Blocked by Kyle Quincey.
16:03 of 2nd period - Shot by Erik Johnson.
16:03 of 2nd period - Goal by Erik Johnson - Sharks : 4 - Flames : 5.
16:04 of 2nd period - Anze Kopitar wins face-off versus Andrew Shaw in neutral zone.
16:39 of 2nd period - Vyacheslav Voynov is hit by Ryan Kesler and loses puck.
16:48 of 2nd period - Shot by Andrew Shaw.
16:48 of 2nd period - Goal by Andrew Shaw - Sharks : 5 - Flames : 5.
16:49 of 2nd period - Dustin Brown wins face-off versus Kyle Turris in neutral zone.
17:04 of 2nd period - Shot by Drew Shore.
17:04 of 2nd period - Stopped by Jonas Hiller without a rebound.
17:05 of 2nd period - Rich Peverley wins face-off versus Michael Grabner in Sharks zone.
18:12 of 2nd period - Shot by Tomas Kopecky.
18:12 of 2nd period - Stopped by Jonas Hiller with a rebound.
19:22 of 2nd period - Shot by Anze Kopitar.
19:22 of 2nd period - Shot Misses the Net.
19:42 of 2nd period - Matt Niskanen is hit by Ryan Kesler and loses puck.
Goals for this period are 4 for Sharks vs 3 for Flames.
Shots for this period are 7 for Sharks vs 15 for Flames.

3rd period


0:01 of 3rd period - Tyler Bozak wins face-off versus Ryan Kesler in neutral zone.
0:30 of 3rd period - Shot by Andrew Shaw.
0:30 of 3rd period - Stopped by Jonathan Quick without a rebound.
0:31 of 3rd period - Kyle Turris wins face-off versus Dustin Brown in Flames zone.
0:52 of 3rd period - Shot by Jannik Hansen.
0:52 of 3rd period - Shot Misses the Net.
1:29 of 3rd period - Shot by Andrew Shaw.
1:29 of 3rd period - Shot Misses the Net.
1:51 of 3rd period - Shot by Tyler Bozak.
1:51 of 3rd period - Stopped by Jonathan Quick without a rebound.
1:52 of 3rd period - Ryan Kesler wins face-off versus Rich Peverley in Flames zone.
2:10 of 3rd period - Shot by Rich Peverley.
2:10 of 3rd period - Shot Blocked by Andrew MacDonald.
2:20 of 3rd period - Andrew MacDonald is hit by Drew Stafford and loses puck.
2:35 of 3rd period - Shot by Rich Peverley.
2:35 of 3rd period - Shot Misses the Net.
2:57 of 3rd period - Shot by Andrew Shaw.
2:57 of 3rd period - Shot Misses the Net.
2:59 of 3rd period - Shot by Matt Niskanen.
2:59 of 3rd period - Stopped by Jonathan Quick without a rebound.
3:00 of 3rd period - Kyle Turris wins face-off versus Anze Kopitar in Flames zone.
3:16 of 3rd period - Shot by Mike Cammalleri.
3:16 of 3rd period - Shot Misses the Net.
3:18 of 3rd period - Shot by Anze Kopitar.
3:18 of 3rd period - Deflect By Mike Cammalleri.
3:18 of 3rd period - Shot Blocked by Michael Kostka.
3:35 of 3rd period - Minor Penalty to Michael Kostka for Slashing.
3:36 of 3rd period - Anze Kopitar wins face-off versus Jannik Hansen in Sharks zone.
3:51 of 3rd period - Shot by Anze Kopitar.
3:51 of 3rd period - Shot Misses the Net.
3:53 of 3rd period - Shot by Jack Johnson.
3:53 of 3rd period - Shot Blocked by Matt Niskanen.
3:55 of 3rd period - Shot by Anze Kopitar.
3:55 of 3rd period - Deflect By Ryan Kesler.
3:55 of 3rd period - Shot Misses the Net.
3:57 of 3rd period - Shot by Jack Johnson.
3:57 of 3rd period - Shot Blocked by Kyle Quincey.
3:59 of 3rd period - Shot by Andrew MacDonald.
3:59 of 3rd period - Shot Misses the Net.
4:01 of 3rd period - Shot by Anze Kopitar.
4:01 of 3rd period - Shot Misses the Net.
4:03 of 3rd period - Shot by Anze Kopitar.
4:03 of 3rd period - Stopped by Jonas Hiller without a rebound.
4:04 of 3rd period - Ryan Kesler wins face-off versus Jannik Hansen in Sharks zone.
4:05 of 3rd period - Shot by Bryce Salvador.
4:05 of 3rd period - Stopped by Jonas Hiller without a rebound.
4:06 of 3rd period - Ryan Kesler wins face-off versus Jannik Hansen in Sharks zone.
4:09 of 3rd period - Shot by Erik Johnson.
4:09 of 3rd period - Deflect By Ryan Kesler.
4:09 of 3rd period - Shot Misses the Net.
4:25 of 3rd period - Shot by Tomas Kopecky.
4:25 of 3rd period - Shot Blocked by Jannik Hansen.
4:27 of 3rd period - Shot by Erik Johnson.
4:27 of 3rd period - Stopped by Jonas Hiller with a rebound.
4:29 of 3rd period - Shot by Ryan Kesler.
4:29 of 3rd period - Shot Misses the Net.
4:31 of 3rd period - Shot by Ryan Kesler.
4:31 of 3rd period - Shot Blocked by Jordan Leopold.
4:33 of 3rd period - Shot by Dustin Brown.
4:33 of 3rd period - Stopped by Jonas Hiller without a rebound.
4:34 of 3rd period - Anze Kopitar wins face-off versus Rich Peverley in Sharks zone.
5:01 of 3rd period - Shot by Andrew MacDonald.
5:01 of 3rd period - Shot Hit the Post.
5:03 of 3rd period - Shot by Andrew MacDonald.
5:03 of 3rd period - Shot Blocked by Justin Falk.
6:01 of 3rd period - Jared Spurgeon is hit by Viktor Stalberg and loses puck.
6:30 of 3rd period - Shot by Rich Peverley.
6:30 of 3rd period - Deflect By Drew Stafford.
6:30 of 3rd period - Shot Hit the Post.
6:32 of 3rd period - Shot by Kyle Quincey.
6:32 of 3rd period - Stopped by Jonathan Quick with a rebound.
6:40 of 3rd period - Shot by Drew Stafford.
6:40 of 3rd period - Stopped by Jonathan Quick without a rebound.
6:41 of 3rd period - Jannik Hansen wins face-off versus Anze Kopitar in Flames zone.
6:44 of 3rd period - Shot by Kyle Turris.
6:44 of 3rd period - Shot Misses the Net.
6:52 of 3rd period - Shot by Ryan Kesler.
6:52 of 3rd period - Stopped by Jonas Hiller with a rebound.
6:54 of 3rd period - Shot by Ryan Kesler.
6:54 of 3rd period - Shot Misses the Net.
7:00 of 3rd period - Shot by Linden Vey.
7:00 of 3rd period - Shot Blocked by Justin Falk.
7:08 of 3rd period - Shot by Ryan Kesler.
7:08 of 3rd period - Shot Misses the Net.
7:12 of 3rd period - Shot by Bryce Salvador.
7:12 of 3rd period - Shot Blocked by Kyle Turris.
7:58 of 3rd period - Shot by Drew Shore.
7:58 of 3rd period - Shot Misses the Net.
8:02 of 3rd period - Shot by Michael Grabner.
8:02 of 3rd period - Stopped by Jonas Hiller without a rebound.
8:03 of 3rd period - Anze Kopitar wins face-off versus Tyler Bozak in Sharks zone.
8:16 of 3rd period - Shot by Tyler Bozak.
8:16 of 3rd period - Deflect By Andrew Shaw.
8:16 of 3rd period - Stopped by Jonathan Quick with a rebound.
8:24 of 3rd period - Shot by Tyler Bozak.
8:24 of 3rd period - Shot Misses the Net.
8:26 of 3rd period - Shot by Tyler Bozak.
8:26 of 3rd period - Shot Blocked by Ladislav Smid.
8:32 of 3rd period - Shot by Tyler Bozak.
8:32 of 3rd period - Shot Blocked by Anze Kopitar.
8:34 of 3rd period - Shot by Andrew Shaw.
8:34 of 3rd period - Shot Misses the Net.
8:41 of 3rd period - Icing by Jared Spurgeon.
8:42 of 3rd period - Anze Kopitar wins face-off versus Rich Peverley in Flames zone.
9:21 of 3rd period - Off-side.
9:22 of 3rd period - Ryan Kesler wins face-off versus Kyle Turris in neutral zone.
9:24 of 3rd period - Andrew MacDonald is hit by Matt Niskanen.
9:41 of 3rd period - Ryan Kesler is hit by Vyacheslav Voynov and loses puck.
10:11 of 3rd period - Shot by Anze Kopitar.
10:11 of 3rd period - Shot Misses the Net.
10:13 of 3rd period - Shot by Anze Kopitar.
10:13 of 3rd period - Stopped by Jonas Hiller with a rebound.
10:15 of 3rd period - Shot by Mike Cammalleri.
10:15 of 3rd period - Shot Blocked by Vyacheslav Voynov.
10:17 of 3rd period - Shot by Jack Johnson.
10:17 of 3rd period - Stopped by Jonas Hiller without a rebound.
10:18 of 3rd period - Dustin Brown wins face-off versus Tyler Bozak in Sharks zone.
10:37 of 3rd period - Shot by Dustin Brown.
10:37 of 3rd period - Deflect By Tomas Kopecky.
10:37 of 3rd period - Stopped by Jonas Hiller with a rebound.
10:39 of 3rd period - Shot by Ladislav Smid.
10:39 of 3rd period - Shot Misses the Net.
10:41 of 3rd period - Shot by Dustin Brown.
10:41 of 3rd period - Shot Misses the Net.
10:43 of 3rd period - Shot by Jared Spurgeon.
10:43 of 3rd period - Shot Misses the Net.
10:49 of 3rd period - Shot by Drew Shore.
10:49 of 3rd period - Shot Blocked by Michael Kostka.
10:51 of 3rd period - Shot by Drew Shore.
10:51 of 3rd period - Shot Blocked by Michael Kostka.
11:21 of 3rd period - Shot by Anze Kopitar.
11:21 of 3rd period - Shot Misses the Net.
11:23 of 3rd period - Shot by Ryan Kesler.
11:23 of 3rd period - Stopped by Jonas Hiller without a rebound.
11:24 of 3rd period - Kyle Turris wins face-off versus Anze Kopitar in Sharks zone.
11:30 of 3rd period - Minor Penalty to Bryce Salvador for Boarding.
11:31 of 3rd period - Andrew Shaw wins face-off versus Ryan Kesler in Flames zone.
11:32 of 3rd period - Shot by Vyacheslav Voynov.
11:32 of 3rd period - Shot Blocked by Andrew MacDonald.
11:34 of 3rd period - Shot by Vyacheslav Voynov.
11:34 of 3rd period - Stopped by Jonathan Quick with a rebound.
11:36 of 3rd period - Shot by Matt Niskanen.
11:36 of 3rd period - Stopped by Jonathan Quick without a rebound.
11:37 of 3rd period - Tyler Bozak wins face-off versus Ryan Kesler in Flames zone.
11:38 of 3rd period - Shot by Vyacheslav Voynov.
11:38 of 3rd period - Shot Blocked by Jack Johnson.
11:40 of 3rd period - Shot by Matt Niskanen.
11:40 of 3rd period - Stopped by Jonathan Quick with a rebound.
11:42 of 3rd period - Shot by Vyacheslav Voynov.
11:42 of 3rd period - Shot Blocked by Mike Cammalleri.
11:44 of 3rd period - Shot by Martin Havlat.
11:44 of 3rd period - Shot Misses the Net.
11:46 of 3rd period - Shot by Tyler Bozak.
11:46 of 3rd period - Shot Misses the Net.
11:48 of 3rd period - Shot by Vyacheslav Voynov.
11:48 of 3rd period - Shot Blocked by Andrew MacDonald.
11:50 of 3rd period - Shot by Martin Havlat.
11:50 of 3rd period - Shot Misses the Net.
11:52 of 3rd period - Shot by Vyacheslav Voynov.
11:52 of 3rd period - Shot Misses the Net.
11:54 of 3rd period - Shot by Matt Niskanen.
11:54 of 3rd period - Shot Blocked by Jack Johnson.
11:56 of 3rd period - Shot by Matt Niskanen.
11:56 of 3rd period - Shot Blocked by Jack Johnson.
12:08 of 3rd period - Shot by Kyle Turris.
12:08 of 3rd period - Shot Misses the Net.
12:10 of 3rd period - Shot by Matt Niskanen.
12:10 of 3rd period - Stopped by Jonathan Quick without a rebound.
12:11 of 3rd period - Drew Shore wins face-off versus Andrew Shaw in Flames zone.
12:11 of 3rd period - Drew Shore is hit by Andrew Shaw.
12:29 of 3rd period - Shot by Andrew Shaw.
12:29 of 3rd period - Stopped by Jonathan Quick without a rebound.
12:30 of 3rd period - Tyler Bozak wins face-off versus Drew Shore in Flames zone.
12:33 of 3rd period - Shot by Tyler Bozak.
12:33 of 3rd period - Stopped by Jonathan Quick without a rebound.
12:34 of 3rd period - Andrew Shaw wins face-off versus Ryan Kesler in Flames zone.
12:35 of 3rd period - Shot by Vyacheslav Voynov.
12:35 of 3rd period - Shot Misses the Net.
12:37 of 3rd period - Shot by Matt Niskanen.
12:37 of 3rd period - Goal by Matt Niskanen - Sharks : 6 - Flames : 5.
12:38 of 3rd period - Ryan Kesler wins face-off versus Tyler Bozak in neutral zone.
12:43 of 3rd period - Shot by Ryan Kesler.
12:43 of 3rd period - Shot Misses the Net.
12:53 of 3rd period - Shot by Ryan Kesler.
12:53 of 3rd period - Stopped by Jonas Hiller without a rebound.
12:54 of 3rd period - Kyle Turris wins face-off versus Anze Kopitar in Sharks zone.
13:00 of 3rd period - Icing by Anze Kopitar.
13:01 of 3rd period - Anze Kopitar wins face-off versus Martin Havlat in Flames zone.
13:01 of 3rd period - Anze Kopitar is hit by Andrew Shaw.
13:23 of 3rd period - Shot by Ryan Kesler.
13:23 of 3rd period - Stopped by Jonas Hiller without a rebound.
13:24 of 3rd period - Matt Beleskey wins face-off versus Dustin Brown in Sharks zone.
14:28 of 3rd period - Martin Havlat is hit by Jack Johnson and loses puck.
14:36 of 3rd period - Tyler Bozak is hit by Erik Johnson and loses puck.
14:45 of 3rd period - Shot by Tyler Bozak.
14:45 of 3rd period - Shot Misses the Net.
14:47 of 3rd period - Shot by Tyler Bozak.
14:47 of 3rd period - Shot Misses the Net.
14:49 of 3rd period - Shot by Vyacheslav Voynov.
14:49 of 3rd period - Stopped by Jonathan Quick without a rebound.
14:50 of 3rd period - Rich Peverley wins face-off versus Ryan Kesler in Flames zone.
15:08 of 3rd period - Shot by Drew Stafford.
15:08 of 3rd period - Stopped by Jonathan Quick without a rebound.
15:09 of 3rd period - Anze Kopitar wins face-off versus Andrew Shaw in Flames zone.
15:09 of 3rd period - Jared Spurgeon is hit by Andrew Shaw and loses puck.
15:22 of 3rd period - Shot by Andrew Shaw.
15:22 of 3rd period - Stopped by Jonathan Quick without a rebound.
15:23 of 3rd period - Kyle Turris wins face-off versus Anze Kopitar in Flames zone.
17:14 of 3rd period - Shot by Mike Cammalleri.
17:14 of 3rd period - Shot Misses the Net.
17:16 of 3rd period - Shot by Tomas Kopecky.
17:16 of 3rd period - Shot Misses the Net.
17:18 of 3rd period - Shot by Tomas Kopecky.
17:18 of 3rd period - Stopped by Jonas Hiller without a rebound.
17:19 of 3rd period - Rich Peverley wins face-off versus Anze Kopitar in Sharks zone.
17:19 of 3rd period - Rich Peverley is hit by Ryan Kesler.
17:46 of 3rd period - Shot by Rob Klinkhammer.
17:46 of 3rd period - Shot Misses the Net.
17:48 of 3rd period - Shot by Rich Peverley.
17:48 of 3rd period - Deflect By Rob Klinkhammer.
17:48 of 3rd period - Stopped by Jonathan Quick without a rebound.
17:49 of 3rd period - Kyle Turris wins face-off versus Ryan Kesler in Flames zone.
18:17 of 3rd period - Shot by Michael Grabner.
18:17 of 3rd period - Stopped by Jonas Hiller without a rebound.
18:18 of 3rd period - Dustin Brown wins face-off versus Tyler Bozak in Sharks zone.
18:46 of 3rd period - Flames, Jonathan Quick is pulled from the net.
19:25 of 3rd period - Shot by Erik Johnson.
19:25 of 3rd period - Stopped by Jonas Hiller without a rebound.
19:26 of 3rd period - Kyle Turris wins face-off versus Mike Cammalleri in Sharks zone.
19:26 of 3rd period - Vyacheslav Voynov is hit by Brett Bulmer and loses puck.
19:33 of 3rd period - Shot by Jack Johnson.
19:33 of 3rd period - Stopped by Jonas Hiller without a rebound.
19:34 of 3rd period - Kyle Turris wins face-off versus Mike Cammalleri in Sharks zone.
19:51 of 3rd period - Shot by Jack Johnson.
19:51 of 3rd period - Stopped by Jonas Hiller with a rebound.
19:53 of 3rd period - Shot by Jack Johnson.
19:53 of 3rd period - Stopped by Jonas Hiller without a rebound.
19:54 of 3rd period - Kyle Turris wins face-off versus Mike Cammalleri in Sharks zone.
Goals for this period are 1 for Sharks vs 0 for Flames.
Shots for this period are 17 for Sharks vs 18 for Flames.


Output by the SimonT Hockey Simulator (STHS) for Stephane Roy -- Original Page W3C XHTML 1.0 Valid
Hockey Simulator - Hockey Simulation - Hockey Manager